Map: Ruby Rock LE

Players

ChEwbaca - Winner!

  • Race: Terran Terran
  • League: Diamond
  • Spawn Location: 5:00

HoldTheDoor

  • Race: Protoss Protoss
  • League: Diamond
  • Spawn Location: 11:00

VOD

Have the link to the VOD?

Description

Time

  • Played on: May 6, 2026, 12:43 p.m.
  • Length: 14:04
Show
View Real Time Build Order
Export as new Build Order

ChEwbaca Terran - Winner!

Build Orders: Cyclone Opening, Mech 

Get SALT Encoding   

  12  0:00  SCV  
  13  0:12  SCV  
  14  0:17  Supply Depot  
  14  0:24  SCV  
  15  0:31  Refinery  
  15  0:39  SCV  
  16  0:45  Barracks  
  16  0:51  SCV  
  17  1:05  Supply Depot  
  17  1:08  SCV  
  18  1:24  SCV  
  19  1:37  Orbital Command  
  19  1:38  Marine  
  20  1:41  Factory  
  20  1:57  Marine  
  21  2:04  SCV  
  21  2:06  Bunker  
  22  2:16  SCV  
  22  2:17  Marine  
  24  2:26  Factory Tech Lab  
  24  2:29  SCV  
  25  2:38  Command Center  
  25  2:42  Refinery, SCV  
  26  2:46  Cyclone  
  29  2:51  Supply Depot  
  29  2:54  SCV  
  30  3:02  Marine  
  31  3:13  SCV  
  31  3:18  Cyclone  
  35  3:22  Mag-Field Accelerator  
  35  3:26  SCV  
  36  3:32  Barracks  
  36  3:34  Barracks Tech Lab  
  36  3:39  SCV  
  37  3:51  SCV  
  38  4:09  Orbital Command  
  38  4:11  Marauder, Refinery  
  38  4:12  Concussive Shells  
  38  4:14  Cyclone  
  43  4:19  SCV  
  44  4:24  Command Center  
  44  4:30  Engineering Bay  
  44  4:31  SCV  
  44  4:35  Barracks Reactor  
  45  4:39  Marauder  
  45  4:43  SCV  
  48  4:51  SCV  
  49  4:55  Armory, SCV  
  50  5:01  Supply Depot  
  50  5:03  SCV  
  51  5:08  Marauder  
  53  5:28  SCV x2  
  55  5:40  SCV  
  53  5:49  Marine x2, Marauder  
  57  5:50  Stimpack  
  57  5:52  Thor  
  57  5:56  Starport  
  63  5:57  Terran Vehicle Weapons Level 1, SCV  
  63  5:58  SCV  
  63  6:02  Refinery  
  65  6:08  Marine  
  65  6:11  Barracks  
  66  6:12  Planetary Fortress  
  66  6:15  SCV  
  66  6:16  SCV  
  68  6:20  Marauder  
  70  6:29  SCV x2, Supply Depot  
  70  6:31  Marine x2  
  74  6:34  Supply Depot  
  74  6:44  SCV x2  
  76  6:47  Starport Tech Lab  
  76  6:49  Command Center  
  76  6:51  Marauder  
  76  6:52  SCV  
  79  6:56  SCV  
  79  6:59  Missile Turret  
  79  7:01  Missile Turret, Barracks Reactor  
  80  7:07  SCV  
  80  7:08  SCV, Ghost Academy  
  82  7:13  Thor  
  88  7:23  Missile Turret  
  80  7:51  Raven, Interference Matrix  
  82  7:53  Ghost, Marine  
  82  7:54  Marine x3  
  82  7:57  SCV x2  
  90  8:09  SCV  
  90  8:12  SCV  
  92  8:21  SCV, Command Center  
  92  8:22  Thor  
  92  8:24  Marine x2  
  101  8:29  Marine x3  
  104  8:35  Medivac  
  104  8:37  Terran Infantry Weapons Level 1  
  106  8:42  Marine x2, Engineering Bay, Personal Cloaking  
  106  8:44  SCV  
  106  8:48  Planetary Fortress  
  109  9:00  Sensor Tower  
  109  9:07  Supply Depot  
  109  9:08  Supply Depot  
  109  9:09  Terran Infantry Armor Level 1  
  109  9:11  Terran Vehicle And Ship Armor Level 1  
  109  9:25  Refinery  
  109  9:27  Refinery  
  109  9:28  Ghost, Marine  
  109  9:29  Medivac, SCV x2, Marine x2  
  109  9:30  Marine  
  119  9:31  Supply Depot  
  119  9:35  Hellbat  
  121  9:41  SCV x2  
  121  9:45  Factory  
  123  9:51  Orbital Command  
  123  9:53  SCV x2  
  123  9:54  Command Center  
  123  9:57  Ghost  
  127  10:02  Supply Depot  
  127  10:05  Raven  
  129  10:11  Marine x3  
  132  10:19  Infernal Pre-Igniter  
  132  10:25  Supply Depot  
  132  10:26  Marauder  
  132  10:28  Starport  
  134  10:31  Factory Reactor  
  134  10:32  Starport  
  134  10:33  Marine x4  
  138  10:38  SCV x2  
  140  10:47  Ghost  
  142  10:50  Supply Depot  
  142  10:55  Thor  
  148  10:58  Raven  
  150  11:05  Combat Shield  
  150  11:09  Hellbat x2  
  150  11:10  Terran Vehicle And Ship Armor Level 2  
  154  11:11  Terran Infantry Weapons Level 2  
  154  11:16  Hyperflight Rotors  
  154  11:23  Starport Tech Lab  
  154  11:24  Starport Tech Lab  
  154  11:37  Ghost  
  154  11:38  Marine x4  
  160  11:54  Banshee  
  160  11:55  Banshee x2  
  160  11:56  Cloaking Field  
  160  11:59  Missile Turret, Hellbat x2  
  173  12:02  Missile Turret  
  173  12:09  Planetary Fortress  
  173  12:11  Refinery  
  173  12:14  Refinery  
  173  12:19  Sensor Tower  
  173  12:21  Widow Mine x2  
  177  12:23  Thor  
  183  12:33  Factory  
  183  12:50  SCV x4  
  187  12:56  Armory  
  187  13:04  Supply Depot  
  187  13:08  Supply Depot  
  187  13:20  Sensor Tower  
  187  13:26  Widow Mine x2  
  187  13:27  Fusion Core, Supply Depot  
  194  13:32  Supply Depot  
Show
View Real Time Build Order
Export as new Build Order

HoldTheDoor Protoss 

Build Orders: 1 Gate Expand, Chargelot Immortal 

Get SALT Encoding   

  12  0:00  Probe  
  13  0:12  Probe  
  14  0:17  Pylon  
  14  0:24  Probe  
  15  0:32  Probe  
  15  0:38  Gateway  
  15  0:40  Probe  
  16  0:47  Assimilator  
  17  0:50  Probe  
  18  1:04  Probe  
  19  1:05  Pylon  
  19  1:16  Probe  
  20  1:25  Cybernetics Core  
  20  1:36  Nexus  
  20  1:39  Probe  
  21  1:45  Assimilator  
  21  1:51  Probe  
  22  1:58  Pylon  
  22  2:04  Probe  
  22  2:06  Warp Gate  
  22  2:07  Adept  
  23  2:19  Probe  
  23  2:21  Pylon  
  26  2:29  Robotics Facility  
  26  2:31  Probe  
  27  2:43  Probe  
  28  2:46  Sentry  
  28  2:48  Probe  
  31  2:55  Probe  
  31  2:57  Pylon  
  32  3:00  Probe  
  33  3:07  Probe  
  34  3:13  Gateway  
  34  3:15  Gateway  
  34  3:25  Probe  
  35  3:28  Shield Battery  
  35  3:31  Immortal  
  39  3:36  Probe  
  39  3:38  Probe  
  41  3:48  Probe  
  42  3:50  Probe  
  43  3:56  Pylon  
  43  4:07  Stalker  
  45  4:13  Shield Battery  
  45  4:16  Immortal  
  45  4:17  Probe  
  50  4:21  Stargate  
  50  4:22  Probe  
  51  4:25  Pylon  
  51  4:26  Assimilator  
  51  4:29  Probe  
  51  4:30  Adept  
  54  4:34  Stalker, Probe  
  54  4:35  Sentry  
  59  4:41  Probe  
  59  4:42  Assimilator  
  60  4:46  Pylon, Probe  
  61  4:53  Probe  
  61  4:55  Observer  
  61  4:58  Probe  
  64  5:05  Probe, Phoenix  
  67  5:10  Probe  
  68  5:17  Probe  
  67  5:25  Stalker  
  67  5:26  Stalker x2  
  71  5:30  Probe  
  71  5:48  Immortal  
  75  5:57  Pylon  
  75  5:59  Gateway  
  75  6:01  Gateway, Zealot x3  
  75  6:02  Gateway  
  75  6:03  Gateway  
  81  6:09  Twilight Council  
  81  6:11  Phoenix  
  83  6:20  Probe x2  
  85  6:28  Nexus, Pylon  
  85  6:31  Pylon  
  86  6:32  Probe  
  86  6:33  Probe, Observer  
  86  6:36  Phoenix  
  86  6:37  Charge  
  90  6:44  Probe  
  90  6:46  Stalker  
  93  6:48  Stalker x2  
  97  6:55  Probe  
  98  7:01  Stalker  
  98  7:02  Stalker  
  74  7:39  Immortal  
  74  7:43  Stalker  
  74  7:44  Stalker x6  
  72  7:57  Probe x2  
  72  7:58  Probe, Robotics Facility  
  75  8:02  Robotics Facility  
  75  8:09  Stalker x4  
  75  8:10  Stalker  
  85  8:13  Sentry  
  85  8:14  Immortal  
  85  8:18  Zealot  
  85  8:19  Probe  
  90  8:23  Blink  
  94  8:38  Probe x2  
  94  8:41  Assimilator  
  96  8:43  Probe, Assimilator  
  97  8:50  Zealot  
  97  8:51  Zealot x5  
  97  8:53  Sentry  
  111  8:59  Immortal  
  115  9:04  Probe x2  
  115  9:05  Probe  
  118  9:12  Zealot x2  
  118  9:13  Zealot  
  124  9:26  Pylon  
  124  9:30  Pylon  
  124  9:36  Pylon  
  124  9:37  Forge  
  124  9:42  Pylon  
  124  9:44  Immortal  
  128  9:46  Forge  
  128  9:48  Pylon, Zealot x3  
  128  9:49  Zealot  
  136  10:00  Zealot  
  136  10:01  Zealot x2  
  136  10:03  Protoss Ground Weapons Level 1  
  142  10:10  Immortal, Protoss Ground Armor Level 1  
  142  10:11  Immortal  
  150  10:18  Immortal  
  154  10:25  Void Ray  
  158  10:32  Protoss Air Weapons Level 1, Pylon  
  158  10:45  Pylon  
  158  10:50  Templar Archives, Pylon  
  158  10:53  Pylon  
  158  10:55  Pylon  
  158  10:56  Nexus  
  158  10:59  Pylon  
  162  11:04  Immortal  
  162  11:07  Observer  
  163  11:12  Immortal  
  163  11:15  Zealot  
  163  11:16  Zealot  
  171  11:19  Sentry  
  172  11:40  Immortal  
  172  11:44  Fleet Beacon  
  176  11:47  Stargate  
  176  11:55  Photon Cannon  
  176  11:57  Photon Cannon  
  176  11:59  Pylon  
  176  12:00  Photon Cannon  
  176  12:02  Photon Cannon  
  176  12:04  Shield Battery x2, Probe  
  176  12:05  Probe  
  176  12:07  Probe  
  179  12:08  Pylon, Probe  
  180  12:20  Assimilator  
  180  12:24  Assimilator  
  180  12:26  Pylon  
  180  12:27  Photon Cannon  
  180  12:33  Photon Cannon  
  180  12:34  Pylon, Probe  
  180  12:36  Shield Battery x2  
  181  12:38  High Templar x2  
  181  12:39  High Templar x3  
  181  12:40  High Templar x2  
  181  12:43  Archon  
  181  12:44  Archon  
  195  12:51  Immortal  
  199  12:58  Pylon  
  199  13:02  Gateway  
  199  13:03  Gateway  
  199  13:06  Gateway  
  199  13:08  Gateway  
  199  13:16  Photon Cannon  
  108  13:49  Zealot x4  
  108  13:50  Zealot x3  
Tags
 
Add a new tag
Caveats
  • Supply blocks, unpowered buildings, or Contaminate may cause inaccurate times.
  • Supply counts are checked every 10 seconds.